 Dungeon Crawl Stone Soup version 0.22-a0-113-gdd6f4a9 (webtiles) character file.

5168 wvc the Slicer (level 10, -9/78 HPs)
             Began as a Red Draconian Wanderer on Jan 28, 2018.
             Was an Elder of Cheibriados.
             Killed by nerve-wracking pain
             ... invoked by an orc priest
              (13 damage)
             ... on level 8 of the Dungeon.
             The game lasted 00:18:30 (8820 turns).

wvc the Slicer (Red Draconian Wanderer)             Turns: 8820, Time: 00:18:31

Health: -9/78      AC: 10    Str: 25    XL:     10   Next: 34%
Magic:  10/10      EV: 13    Int: 34    God:    Cheibriados [****..]
Gold:   467        SH:  4    Dex: 15    Spells: 11/11 levels left

rFire    + + .     SeeInvis .   y - +12 dagger "Humnipism" {flame, Int+6}
rCold    . . .     Gourm    +   s - +0 buckler
rNeg     . . .     Faith    .   (armour unavailable)
rPois    +         Spirit   .   (helmet restricted)
rElec    .         Reflect  .   E - +0 cloak
rCorr    .         Harm     .   p - +1 pair of gloves
MR       .....     Clarity  +   (no boots)
Stlth    ++........             w - amulet of the gourmand
HPRegen  0.23/turn              z - ring of protection from fire
MPRegen  0.12/turn              B - ring of poison resistance

@: very slow
A: breathe fire, unfitting armour, clarity, clumsy 1, fire resistance 1, low mp
1, strong 1, cold-blooded, AC +7
a: Breathe Fire, Bend Time, Temporal Distortion, Slouch, Renounce Religion


You were on level 8 of the Dungeon.
You worshipped Cheibriados.
Cheibriados was greatly pleased with you.
You were completely stuffed.

You visited 2 branches of the dungeon, and saw 10 of its levels.

You collected 467 gold pieces.

Inventory:

Hand Weapons
 a - a +3 spear
 y - the +12 dagger "Humnipism" (weapon) {flame, Int+6}
   (You found it on level 6 of the Dungeon)

   It has been specially enchanted to burn those struck by it, causing extra
   injury to most foes and up to half again as much damage against particularly
   susceptible opponents.
   It affects your intelligence (+6).
Missiles
 o - 28 poisoned needles
 A - 5 curare-tipped needles
Armour
 p - a +1 pair of gloves (worn)
 s - a +0 buckler (worn)
 t - a +0 shield
 E - a +0 cloak (worn)
Jewellery
 c - an uncursed amulet of magic regeneration
 e - an uncursed ring of magical power
 f - an uncursed ring of positive energy
 w - an amulet of the gourmand (around neck)
 z - a ring of protection from fire (left hand)
 B - a ring of poison resistance (right hand)
Wands
 n - a wand of acid (13)
 F - a wand of paralysis (12)
Scrolls
 g - a scroll of enchant weapon
 l - a scroll of teleportation
 q - 2 scrolls of identify
 v - a scroll of immolation
 D - a scroll of remove curse
Potions
 h - 2 potions of haste
 i - 6 potions of flight
 j - 4 potions of agility
 k - 3 potions of might
 m - 4 potions of curing
 u - 2 potions of brilliance
 x - a potion of heal wounds
 C - a potion of lignification
Books
 b - Uhauri's Handbook of Changing

   Spells                             Type                      Level
   a - Beastly Appendage              Transmutation                1
   b - Ignite Poison                  Fire/Transmutation/Poison    3
Comestibles
 d - 15 rations


   Skills:
 + Level 4.1 Fighting
 + Level 11.0 Short Blades
 - Level 9.7 Polearms
 + Level 2.8 Dodging
 - Level 1.0 Stealth
 + Level 1.4 Shields
 - Level 1.0 Spellcasting
   Level 1.0 Summonings
   Level 1.0 Transmutations
 - Level 1.0 Evocations


You had 11 spell levels left.
You didn't know any spells.

Dungeon Overview and Level Annotations

Branches:
Dungeon (9/15)             Temple (1/1) D:5
   Lair: D:8-11         Orc: D:9-12

Altars:
Ashenzari
Cheibriados
Dithmenos
Elyvilon
Fedhas
Gozag
Hepliaklqana
Kikubaaqudgha
Makhleb
Nemelex Xobeh
Okawaru
Qazlal
Ru
Sif Muna
Trog
Uskayaw
Vehumet
Wu Jian
Xom
Yredelemnul
Zin
The Shining One


Innate Abilities, Weirdness & Mutations

You can breathe blasts of fire.
Your fiery red scales are hard. (AC +7)
You cannot fit into any form of body armour.
Your flesh is heat resistant. (rF+)
You are cold-blooded and may be slowed by cold attacks.
You possess an exceptional clarity of mind.
You are clumsy. (Dex -2)
Your magical capacity is low. (-10% MP)
Your muscles are strong. (Str +2)


Message History

The orc warrior hits you with a dire flail!
* * * LOW HITPOINT WARNING * * *
The gnoll misses you.
The orc priest mumbles some strange prayers to Beogh against you.
Pain shoots through your body!
* * * LOW HITPOINT WARNING * * *
You climb upwards.
All of the chunks of flesh in your inventory have rotted away.
There is a stone staircase leading down, spattered with blood here.
Okay, then.
You feel much better. You block the two-headed ogre's attack.
The two-headed ogre hits you with a giant club.
* * * LOW HITPOINT WARNING * * *
The orc closely misses you.
The orc warrior hits you with a dire flail!
* * * LOW HITPOINT WARNING * * *
You block the gnoll's attack.
The orc priest calls down the wrath of Beogh upon you.
Pain shoots through your body!
You die...

....+........#.....########
..(.#.....!..#...........#
#######.##...##..........#
##.####.##...##..........#
......)..................#
......)....../...........#
.....)...................#
####(##########[oo.......#
..............#g@[.########
..............#.oO.#......#
..............#....#......#
..............#....#......#
.......(......#....'......#
########......#....#......#
.......#......#....#......#
.......#......#....#......#
.......'......#....#......#


You could see a two-headed ogre, an orc warrior, an orc priest, a gnoll and an
orc.

Vanquished Creatures
  A two-headed ogre (D:8)
  3 hippogriffs
  A wyvern (D:7)
  2 steam dragons (D:7)
  A sky beast (D:8)
  An orc warrior (D:7)
  2 black bears
  5 ogres
  3 phantoms
  4 centaurs
  2 bullfrogs (D:8)
  A gnoll sergeant (D:8)
  6 scorpions
  4 killer bees (D:7)
  3 wights (D:8)
  3 howler monkeys
  A bullfrog zombie (D:8)
  4 crimson imps
  5 hounds
  Crazy Yiuf (D:7)
  6 orc priests
  2 jellies
  A centaur skeleton (D:8)
  An iguana (D:7)
  7 orc wizards
  7 worker ants
  3 hound skeletons
  7 gnolls
  11 adders
  2 shadow imps
  An adder skeleton (D:7)
  3 worms
  A dart slug (D:1)
  3 leopard geckos
  26 orcs
  6 bats
  6 giant cockroaches
  7 goblins
  5 hobgoblins
  13 jackals
  6 kobolds
  A quokka (D:6)
  6 frilled lizards
  A jackal zombie (D:5)
  A leopard gecko skeleton (D:5)
  6 rats
192 creatures vanquished.

Vanquished Creatures (collateral kills)
  A leopard gecko skeleton (D:5)
1 creature vanquished.

Grand Total: 193 creatures vanquished

Notes
Turn   | Place    | Note
-------+----------+-------------------------------------------
     0 | D:1      | wvc the Draconian Wanderer began the quest for the Orb.
     0 | D:1      | wvc set off with: a +2 spear, Uhauri's Handbook of Changing, a scroll of teleportation, a ration
     0 | D:1      | Reached XP level 1. HP: 19/19 MP: 2/2
    79 | D:1      | Reached skill level 1 in Polearms
   172 | D:1      | Reached XP level 2. HP: 22/26 MP: 3/3
   471 | D:1      | Reached XP level 3. HP: 24/31 MP: 4/4
  1168 | D:2      | Found a deep blue altar of Sif Muna.
  1702 | D:2      | Reached XP level 4. HP: 38/38 MP: 5/5
  2573 | D:3      | Reached XP level 5. HP: 38/45 MP: 6/6
  2697 | D:4      | Noticed an ogre
  2756 | D:4      | Reached skill level 5 in Polearms
  2829 | D:5      | Entered Level 5 of the Dungeon
  2933 | D:4      | HP: 1/45 [gnoll/spear (3)]
  2936 | D:4      | Reached XP level 6. HP: 12/51 MP: 7/7
  3051 | D:3      | HP: 2/51 [poisoned by a worker ant]
  3620 | D:4      | Your scales start taking on a fiery red colour.
  3620 | D:4      | Reached XP level 7. HP: 57/57 MP: 8/8
  3620 | D:4      | Gained mutation: Your flesh is heat resistant. (rF+) [Red Draconian growth]
  4384 | D:5      | Found a staircase to the Ecumenical Temple.
  4405 | Temple   | Entered the Ecumenical Temple
  4541 | Temple   | Became a worshipper of Cheibriados the Contemplative
  5040 | D:6      | Reached XP level 8. HP: 63/63 MP: 9/9
  5163 | D:6      | Got a brightly glowing dagger
  5164 | D:6      | Identified the +12 dagger "Humnipism" {flame, Int+6} (You found it on level 6 of the Dungeon)
  5210 | D:6      | Reached skill level 1 in Short Blades
  5308 | D:6      | Reached skill level 2 in Short Blades
  5385 | D:6      | Found a basalt altar of Yredelemnul.
  5385 | D:6      | Found a shimmering altar of Xom.
  5385 | D:6      | Found a white marble altar of Elyvilon.
  5385 | D:6      | Found a blossoming altar of Fedhas.
  5392 | D:6      | Reached skill level 3 in Short Blades
  5426 | D:6      | Reached * piety under Cheibriados
  5435 | D:6      | Reached skill level 4 in Short Blades
  5690 | D:6      | Found a hide-covered altar of Uskayaw.
  6055 | D:7      | Reached skill level 5 in Short Blades
  6071 | D:7      | Reached skill level 6 in Short Blades
  6081 | D:7      | Reached XP level 9. HP: 34/70 MP: 10/10
  6252 | D:7      | Gained mutation: Your magical capacity is low. (-10% MP) [potion of mutation]
  6252 | D:7      | Gained mutation: Your muscles are strong. (Str +2) [potion of mutation]
  6252 | D:7      | Gained mutation: You are clumsy. (Dex -2) [potion of mutation]
  6252 | D:7      | Gained mutation: You possess an exceptional clarity of mind. [potion of mutation]
  6438 | D:7      | Reached skill level 7 in Short Blades
  6542 | D:7      | Reached ** piety under Cheibriados
  6552 | D:7      | Reached skill level 8 in Short Blades
  7335 | D:7      | Reached skill level 9 in Short Blades
  7366 | D:7      | Found a runed door.
  7408 | D:7      | Noticed Crazy Yiuf
  7413 | D:7      | Killed Crazy Yiuf
  7857 | D:8      | Reached skill level 10 in Short Blades
  7916 | D:8      | Reached *** piety under Cheibriados
  8117 | D:8      | Reached XP level 10. HP: 68/77 MP: 10/10
  8232 | D:8      | Noticed a two-headed ogre
  8237 | D:8      | Killed a two-headed ogre
  8572 | D:8      | Reached skill level 11 in Short Blades
  8759 | D:8      | Reached **** piety under Cheibriados
  8797 | D:9      | Noticed a two-headed ogre
  8818 | D:9      | HP: 1/78 [orc priest/nerve-wracking pain (12)]
  8820 | D:8      | Killed from afar by an orc priest

Vault maps used:
D:1:      mrwooster_arrival_statue_2
D:2:      lemuel_blue_sif_altar, supply_closet_lemuel
D:3:      first_ration, serial_bayou_lake_a
D:4:      hangedman_decor_clover_reticule
D:5:      minmay_temple_entry_butterflies
D:6:      old_standard_altar, grunt_temple_overflow_open
D:7:      cheibrodos_steamvent, uniq_crazy_yiuf_cottage
D:9:      david_orc_3, kb_lookout_dungeons_type, uniq_erica, uniq_grum
Temple:   nicolae_temple_elliptical

Skill      XL: |  1  2  3  4  5  6  7  8  9 10 |
---------------+-------------------------------+-----
Polearms       | 1 2 3 4 5 7 9 |  9.7
Short Blades   | 6 10 11 | 11.0
Dodging        | 2 |  2.8
Fighting       | 4 |  4.1
Stealth        | |  1.0
Shields        | |  1.4
Spellcasting   | |  1.0
Summonings     | |  1.0
Transmutations | |  1.0
Evocations     | |  1.0

Action                   |  1- 3 |  4- 6 |  7- 9 | 10-12 || total
-------------------------+-------+-------+-------+-------++-------
Melee: Spear             |   113 |   211 |   135 |       ||   459
       Tailslap          |     3 |    13 |    46 |     8 ||    70
       Dagger            |       |       |   213 |    72 ||   285
 Abil: Breathe Fire      |       |       |     7 |     2 ||     9
  Use: Scroll            |     7 |     7 |     8 |     2 ||    24
       Potion            |       |    11 |     1 |     1 ||    13
 Stab: Sleeping          |     1 |     1 |     2 |     1 ||     5
       Invisible         |       |     1 |       |       ||     1
       Distracted        |       |       |     1 |       ||     1
  Eat: Ration            |     1 |     1 |     1 |       ||     3
       Chunk             |       |     2 |    20 |     1 ||    23
Armor: Skin              |    24 |    46 |   106 |    37 ||   213
Dodge: Dodged            |    48 |    82 |   132 |    44 ||   306
Block: Buckler           |       |    14 |    30 |    16 ||    60

Table legend:
 A = Spawn XP
 B = Non-spawn XP
 C = Spawn XP percentage of total XP
 D = Spawn monster count
 E = Non-spawn monster count
 F = Spawn count percentage of total count
 G = Total turns spent on level
                    A         B        C        D         E        F      G
               +---------+---------+-------+---------+---------+-------+---------
         Total |       0 |    7384 |   0.0 |       0 |     193 |   0.0 |  8820
               +---------+---------+-------+---------+---------+-------+---------
           D:1 |       0 |      48 |   0.0 |       0 |      20 |   0.0 |   808
           D:2 |       0 |      71 |   0.0 |       0 |      20 |   0.0 |  1367
           D:3 |       0 |     236 |   0.0 |       0 |      20 |   0.0 |   893
           D:4 |       0 |     414 |   0.0 |       0 |      16 |   0.0 |   748
           D:5 |       0 |     495 |   0.0 |       0 |      17 |   0.0 |   984
           D:6 |       0 |    1029 |   0.0 |       0 |      24 |   0.0 |  1088
           D:7 |       0 |    2326 |   0.0 |       0 |      31 |   0.0 |  1727
           D:8 |       0 |    2722 |   0.0 |       0 |      43 |   0.0 |  1033
           D:9 |       0 |      43 |   0.0 |       0 |       2 |   0.0 |    25
               +---------+---------+-------+---------+---------+-------+---------
